 Dungeon Crawl Stone Soup version 0.30.0-13-g156ef70053 (webtiles) character file.

Game seed: 5162055389135590771

33 browni3141 the Covered (level 3, 0/33 HPs)
             Began as a Minotaur Fighter on May 17, 2023.
             Slain by a gnoll
             ... wielding a +0 whip
              (3 damage)
             ... on level 2 of the Dungeon.
             The game lasted 00:00:23 (1014 turns).

browni3141 the Covered (Minotaur Fighter)           Turns: 1014, Time: 00:00:24

Health: 0/33       AC:  7    Str: 20    XL:     3   Next: 12%
Magic:  2/2        EV: 10    Int:  5    God:
Gold:   64         SH:  5    Dex: 17    Spells: 2/2 levels left

rFire   . . .        a - +0 war axe
rCold   . . .        c - +0 buckler
rNeg    . . .        b - +0 scale mail
rPois   .            (helmet restricted)
rElec   .            (no cloak)
rCorr   .            (no gloves)
SInv    .            (no boots)
Will    .....        (no amulet) Stlth
                     V - +6 ring of dexterity
HPRegen 0.25/turn    (no ring)
MPRegen 0.08/turn

%: no passive effects
@: mighty
A: horns 2, retaliatory headbutt
a: no special abilities


You were on level 2 of the Dungeon.
You visited 1 branch of the dungeon, and saw 2 of its levels.

You collected 64 gold pieces.

Inventory:

Hand Weapons
 a - a +0 war axe (weapon)
Armour
 b - a +0 scale mail (worn)
 c - a +0 buckler (worn)
Jewellery
 V - a +6 ring of dexterity (left hand)
Scrolls
 O - a scroll of silence {unknown}
 R - 2 scrolls of immolation {unknown}
 S - a scroll of blinking {unknown}
 T - a scroll of identify {unknown}
Potions
 N - 2 potions of brilliance {unknown}
 P - a potion of ambrosia {unknown}
 Q - a potion of resistance {unknown}
 U - a potion of berserk rage {unknown}
 W - a potion of degeneration {unknown}
 X - a potion of haste {unknown}
 Y - 2 potions of curing {unknown}
 Z - a potion of flight {unknown}


   Skills:
 + Level 4.0 Fighting
 + Level 2.9 Axes
 + Level 4.0 Armour
 + Level 1.1 Dodging
 + Level 4.0 Shields


You had 2 spell levels left.
You didn't know any spells.
Your spell library contained the following spells:

 Spells                   Type           Power      Damage    Failure   Level
 Slow                     Hex            0%         N/A       88%         1
 Confusing Touch          Hex            0%         N/A       99%         3
 Vampiric Draining        Necr           0%         2d6       99%         3


Dungeon Overview and Level Annotations

Branches:
Dungeon (2/15)

Altars:


Innate Abilities, Weirdness & Mutations

You have a pair of horns on your head.
You reflexively headbutt those who attack you in melee.


Message History

A quokka comes into view.
A quokka is nearby!
A quokka is nearby!
A quokka is nearby!
You miss the quokka. You block the quokka's attack.
A quokka is nearby!
You barely miss the quokka. You block the quokka's attack.
The quokka bites you.
A quokka is nearby!
You closely miss the quokka. The quokka closely misses you.
You block the quokka's attack.
You slash the quokka!
You kill the quokka!
No target in view!
You see here a quokka corpse.
No target in view!
A hobgoblin comes into view.
The hobgoblin shouts!
A hobgoblin is nearby!
A hobgoblin is nearby!
You see here a smoky emerald potion.
You block the hobgoblin's attack.
A hobgoblin is nearby!
You slash the hobgoblin!
You kill the hobgoblin!
Y - a smoky emerald potion No target in view!
No target in view!
An adder comes into view.
An adder is nearby!
The adder hisses angrily.
The adder bites you but does no damage.
An adder is nearby!
An adder is nearby!
You hit the adder.
The adder is moderately wounded.
You block the adder's attack. The adder bites you but does no damage.
An adder is nearby!
You barely miss the adder.
The adder is moderately wounded.
You block the adder's attack.
You slash the adder!
The adder is almost dead.
The adder closely misses you. The adder barely misses you.
You furiously retaliate!
You headbutt the adder.
You kill the adder!
Your Dodging skill increases to level 1!
No target in view!
A bat comes into view.
Found a stone staircase leading down.
The bat barely misses you.
A bat is nearby!
You barely miss the bat. The bat barely misses you. You furiously retaliate!
You headbutt the bat.
You kill the bat!
You see here a bat corpse.
Z - a fuming pink potion
Y - 2 smoky emerald potions (gained 1)
Found a stone staircase leading down.
No target in view!
You now have 64 gold pieces (gained 2).
A gnoll comes into view. It is wielding a +0 whip.
The gnoll shouts!
A gnoll comes into view. It is wielding a +0 whip.
A gnoll comes into view. It is wielding a +0 halberd.
The gnoll shouts! x2
There are monsters nearby!
There are monsters nearby!
There are monsters nearby!
There are monsters nearby!
You slash the gnoll!
The gnoll is severely wounded.
The gnoll barely misses you. x2
You hit the gnoll but do no damage.
The gnoll is severely wounded.
You block the gnoll's attack. The gnoll hits you with a +0 whip.
There are monsters nearby!
You hit the gnoll. You headbutt the gnoll.
You kill the gnoll!
The gnoll closely misses you.
The gnoll hits you from afar with a +0 halberd.
The gnoll barely misses you.
Your Fighting skill increases to level 4!
Your Armour skill increases to level 4!
Your Shields skill increases to level 4!
You have reached level 3!
Your experience leads to an increase in your attributes!
Your base attributes are Str 20, Int 5, Dex 9.
Increase (S)trength, (I)ntelligence, or (D)exterity?
You feel agile. x2
You feel very mighty all of a sudden.
The gnoll hits you from afar with a +0 halberd!
You block the gnoll's attack.
You barely miss the gnoll. The gnoll hits you but does no damage.
The gnoll barely misses you.
You closely miss the gnoll.
A gnoll comes into view. It is wielding a +0 flail.
The gnoll hits you from afar with a +0 halberd.
The gnoll hits you with a +0 whip. The gnoll barely misses you.
The gnoll hits you with a +0 whip.
You die...

###...........#
#>##.######.#
#.# #.# ##.#
#.# #..# #..
#.#.#### #.##
#......# #.#
#.#.##.# #.#
#.#.##@# #.# #
#.##g# #.#
...g.# ###.g#
#... #..# ...#
##.#


You could see 3 gnolls.

Vanquished Creatures
  An adder (D:2)
  A gnoll (D:2)
  A ball python (D:1)
  2 endoplasms (D:1)
  A goblin (D:1)
  4 hobgoblins
  A kobold (D:1)
  A quokka (D:2)
  A bat (D:2)
13 creatures vanquished.

Notes
Turn   | Place    | Note
-------+----------+-------------------------------------------
     0 | D:1      | browni3141 the Minotaur Fighter began the quest for the
                  | Orb.
     0 | D:1      | Reached XP level 1. HP: 19/19 MP: 0/0
   582 | D:1      | Reached XP level 2. HP: 27/27 MP: 1/1
  1012 | D:2      | Reached XP level 3. HP: 21/33 MP: 2/2
  1014 | D:2      | Slain by a gnoll

Illustrated notes

Levels and vault maps discovered:
D:1:      minmay_arrival_hallway, layout_loops_ring,
          chequers_serial_rivers_small_b, minivault_4, minmay_pentomino_x2
D:2:      layout_loops_ring

Skill      XL: |  1  2 |
---------------+-------+-----
Dodging        | 1 |  1.1
Fighting       | 4 |  4.0
Armour         | 4 |  4.0
Shields        | 4 |  4.0
Axes           | |  2.9

Action                     || total
---------------------------++-------
  Melee: War axe           ||    34
         Headbutt          ||     4
    Use: Potion            ||     1
 Armour: Scale mail        ||    12
  Dodge: Dodged            ||    14
  Block: Buckler           ||    14
